 Dungeon Crawl Stone Soup version 0.28.0-1-gb440e238dd (webtiles) character file.

Game seed: 13840915678898364542

732 pkoi the Gusty (level 7, -10/50 HPs)
             Began as a Grey Draconian Air Elementalist on Feb 25, 2022.
             Was a Follower of Sif Muna.
             Mangled by Duvessa (16 damage)
             ... on level 6 of the Dungeon.
             The game lasted 00:05:39 (6210 turns).

pkoi the Gusty (Grey Draconian Air Elementalist)    Turns: 6210, Time: 00:05:40

Health: -10/50     AC: 11    Str: 11    XL:     7   Next: 45%
Magic:  1/11       EV: 12    Int: 17    God:    Sif Muna [*.....]
Gold:   212        SH:  0    Dex: 11    Spells: 6/12 levels left

rFire   . . .      SeeInvis .   p - +2 scimitar (holy)
rCold   . . .      Faith    .   (no shield)
rNeg    . . .      Spirit   .   (armour unavailable)
rPois   .          Reflect  .   (helmet restricted)
rElec   .          Harm     .   (no cloak)
rCorr   .          Rampage  .   (no gloves)
Will    .....                   (no boots)
Stlth   ++........              (no amulet)
HPRegen 0.16/turn               (no ring)
MPRegen 0.12/turn               (no ring)

@: no status effects
A: AC +11, amphibious, unfitting armour, cold-blooded
a: Renounce Religion, Channel Magic


You were on level 6 of the Dungeon.
You worshipped Sif Muna.
Sif Muna was aware of your devotion.
You visited 1 branch of the dungeon, and saw 5 of its levels.

You collected 212 gold pieces.

Inventory:

Hand Weapons
 c - a +1 vampiric dagger
 p - a +2 scimitar of holy wrath (weapon)
Missiles
 e - 2 throwing nets
Jewellery
 j - a ring of protection from fire
Wands
 k - a wand of flame (20)
Scrolls
 a - a scroll of amnesia {unknown}
 b - 5 scrolls of identify {unknown}
 d - 2 scrolls of fog {unknown}
 f - 2 scrolls of summoning {unknown}
 h - 2 scrolls of teleportation {unknown}
 o - a scroll of immolation {unknown}
Potions
 g - 2 potions of curing {unknown}
 i - 2 potions of attraction {unknown}
 l - 2 potions of flight {unknown}
 m - a potion of mutation {unknown}
 n - a potion of haste {unknown}
 q - a potion of heal wounds {unknown}


   Skills:
 - Level 1.7 Dodging
 - Level 1.7 Stealth
 - Level 3.0 Spellcasting
 - Level 3.0 Conjurations
 * Level 6.6 Air Magic


You had 6 spell levels left.
You knew the following spells:

 Your Spells              Type           Power      Damage    Failure   Level
a - Shock                 Conj/Air       72%        1d7       2%          1
b - Static Discharge      Conj/Air       18%        N/A       3%          2
c - Swiftness             Air            25%        N/A       3%          3

Your spell library contained the following spells:

 Spells                   Type           Power      Damage    Failure   Level
 Poisonous Vapours        Pois/Air       26%        N/A       7%          2
 Searing Ray              Conj           24%        2d5       8%          2
 Airstrike                Air            12%        N/A       12%         4
 Iskenderun's Battlesphe  Conj           12%        2d7       80%         5
 Alistair's Intoxication  Tmut/Pois      1%         N/A       99%         5
 Iron Shot                Conj/Erth      3%         9d2       100%        6
 Spellforged Servitor     Conj/Summ      3%         N/A       100%        7
 Lehudib's Crystal Spear  Conj/Erth      3%         10d3      100%        8


Dungeon Overview and Level Annotations

Branches:
Dungeon (4/15)
 Temple: D:4-7

Altars:
Gozag
Qazlal
Sif Muna
Wu Jian

Annotations:
D:6 Dowan, Duvessa


Innate Abilities, Weirdness & Mutations

Your dull iron-grey scales are very hard. (AC +11)
You are amphibious.
You cannot fit into any form of body armour.
You are cold-blooded and may be slowed by cold attacks.


Message History

* * * LOW HITPOINT WARNING * * *
Aiming: Shock (safe; 2% risk of failure)
Press: ? - help, Q - select action, (/) - cycle Shift-Dir - straight line The zap hits Duvessa.
Duvessa is severely wounded.
The zap hits Duvessa.
Duvessa is severely wounded.
Duvessa hits you with a +0 rapier of electrocution.
* * * LOW HITPOINT WARNING * * *
Dowan mumbles some strange words.
Dowan blinks!
Aiming: Shock (safe; 2% risk of failure)
Press: ? - help, Q - select action, (/) - cycle Shift-Dir - straight line The zap hits Duvessa but does no damage.
Duvessa is severely wounded.
The zap hits Duvessa.
Duvessa is almost dead.
Duvessa hits you with a +0 rapier of electrocution.
* * * LOW HITPOINT WARNING * * *
Aiming: Shock (safe; 2% risk of failure)
Press: ? - help, Q - select action, (/) - cycle Shift-Dir - straight line The zap misses Duvessa.
The zap hits Duvessa but does no damage.
Duvessa is almost dead.
Duvessa hits you with a +0 rapier of electrocution.
* * * LOW HITPOINT WARNING * * *
Aiming: Shock (safe; 2% risk of failure)
Press: ? - help, Q - select action, (/) - cycle Shift-Dir - straight line The zap misses Duvessa. x2
Duvessa hits you with a +0 rapier of electrocution.
* * * LOW HITPOINT WARNING * * *
Unknown command.
Aiming: Shock (safe; 2% risk of failure)
Press: ? - help, Q - select action, (/) - cycle Shift-Dir - straight line The zap misses Duvessa.
The zap hits Duvessa.
Duvessa is almost dead.
Duvessa hits you with a +0 rapier of electrocution!
* * * LOW HITPOINT WARNING * * *
You are electrocuted!
You die...

#.#.......#.'...'.#
#.###...#####...###
#####...'...+ #.......#
........##### #'#...#'# .
..####....# ...#...#..
.....####.#..+.....##'##..
.............#.....#...#..
.....##.#.##.###.#+#...#'#
.....##.#@##...+.#.......#
.>......e.##########...###
######.### +...+ #.# #####
..# )### #. #


You could see Duvessa.

Vanquished Creatures
  A black bear (D:4)
  An orc warrior (D:6)
  A centaur (D:6)
  A phantom (D:4)
  A wyvern skeleton (D:6)
  2 hounds
  A bullfrog skeleton (D:6)
  Jessica (D:3)
  An iguana (D:4)
  Robin (D:3)
  7 adders
  2 gnolls (D:3)
  An ufetubus (D:6)
  An adder skeleton (D:4)
  3 worms
  2 orcs
  5 bats
  7 endoplasms
  2 giant cockroaches (D:1)
  17 goblins
  10 hobgoblins
  7 quokkas
  6 ball pythons
  3 frilled lizards
  4 kobolds
  A quokka zombie (D:3)
  5 rats
94 creatures vanquished.

Vanquished Creatures (others)
  51 plants (D:3)
51 creatures vanquished.

Grand Total: 145 creatures vanquished

Notes
Turn   | Place    | Note
-------+----------+-------------------------------------------
     0 | D:1      | pkoi the Draconian Air Elementalist began the quest for the
                  | Orb.
     0 | D:1      | Reached XP level 1. HP: 14/14 MP: 3/3
    50 | D:1      | Found a faded altar of an unknown god.
   346 | D:1      | Reached XP level 2. HP: 11/20 MP: 0/5
  1076 | D:1      | Reached skill level 4 in Air Magic
  1078 | D:1      | Reached XP level 3. HP: 26/26 MP: 2/6
  1672 | D:2      | Learned a level 2 spell: Static Discharge
  1676 | D:2      | Learned a level 3 spell: Swiftness
  2458 | D:3      | Noticed Jessica
  2478 | D:3      | Reached XP level 4. HP: 21/33 MP: 1/7
  3019 | D:3      | Killed Jessica
  3020 | D:3      | Reached skill level 5 in Air Magic
  3166 | D:3      | Reached XP level 5. HP: 22/38 MP: 1/8
  3351 | D:3      | Found a shimmering blue altar of Sif Muna.
  3360 | D:3      | Became a worshipper of Sif Muna the Loreminder
  3372 | D:3      | Got Sif Muna's Tome of Vitriolic Combat Magic
  4215 | D:3      | Noticed Robin
  4229 | D:3      | Killed Robin
  4460 | D:3      | Found an ornate altar of the Wu Jian Council.
  4460 | D:3      | Found an opulent altar of Gozag.
  4466 | D:3      | Found a stormy altar of Qazlal.
  5136 | D:4      | Noticed a black bear
  5138 | D:4      | Noticed a phantom
  5139 | D:4      | Reached XP level 6. HP: 45/45 MP: 6/10
  5165 | D:4      | Reached skill level 6 in Air Magic
  5658 | D:4      | You fall into a shaft and drop 2 floors!
  5682 | D:6      | Noticed an orc warrior
  5731 | D:6      | Killed an orc warrior
  5732 | D:6      | Reached skill level 7 in Air Magic
  5732 | D:6      | Your scales start taking on a dull iron-grey colour.
  5732 | D:6      | Reduced skill Air Magic to level 6
  5732 | D:6      | Reached XP level 7. HP: 7/50 MP: 0/11
  5829 | D:6      | Reached * piety under Sif Muna
  6194 | D:6      | Noticed Duvessa
  6195 | D:6      | Noticed Dowan
  6210 | D:6      | Mangled by Duvessa

Illustrated notes

Levels and vault maps discovered:
D:1:      minmay_arrival_up_and_down, layout_loops_ring,
          dreamdust_ecumenical_altar_grove
D:2:      layout_loops_ring, minmay_misc_feat_pillars, minmay_misc_feat_tiny
D:3:      wad_woods_stonehenge, layout_basic, minitemple,
          serial_co_window_serial, co_window_paths_b, co_window_paths_a,
          co_window_corner_a, co_window_paths_a, co_window_paths_a,
          co_window_paths_a, co_window_corner_a, co_window_corner_ca,
          co_window_2corner, co_window_2corner, minivault_14, dk_noncrumbling_3,
          uniq_robin, uniq_jessica
D:4:      layout_loops_ring, minmay_temple_entry_junction,
          nicolae_shop_clearance
D:6:      nicolae_cairo_tiling_large, layout_loops_cross, gup_sewer_entry_bowl,
          uniq_duvessa

Skill      XL: |  1  2  3  4  5  6 |
---------------+-------------------+-----
Air Magic      | 4 5 6 |  6.6
Conjurations   | 2 3 |  3.0
Spellcasting   | 3 |  3.0
Dodging        | |  1.7
Stealth        | |  1.7

Action                   |  1- 3 |  4- 6 |  7- 9 || total
-------------------------+-------+-------+-------++-------
Melee: Unarmed           |     8 |       |       ||     8
       Dagger            |    16 |    34 |    20 ||    70
       Tailslap          |     2 |     6 |     6 ||    14
       Scimitar          |       |       |     7 ||     7
 Cast: Shock             |    72 |   126 |    11 ||   209
       Static Discharge  |       |     2 |       ||     2
 Stab: Sleeping          |       |       |     2 ||     2
Armor: Skin              |    10 |    20 |    29 ||    59
Dodge: Dodged            |    21 |    33 |    30 ||    84
